Map: Jagannatha LE

Players

ViBE - Winner!

  • Race: Zerg Zerg
  • League: Diamond

Brdi

  • Race: Protoss Protoss
  • League: Diamond

VOD

Have the link to the VOD?

Description

Time

  • Played on: April 22, 2021, 12:42 a.m.
  • Length: 21:06
Show
View Real Time Build Order
Export as new Build Order

ViBE Zerg - Winner!

Build Orders: Hatch First, Lurkers 

Get SALT Encoding   

  12  0:00  Drone  
  13  0:13  Overlord  
  13  0:20  Drone  
  14  0:31  Drone x2  
  16  0:48  Hatchery  
  15  0:52  Drone  
  15  0:55  Drone  
  17  0:59  Drone  
  18  1:14  Spawning Pool  
  18  1:17  Drone  
  18  1:21  Drone  
  18  1:23  Extractor  
  18  1:30  Drone  
  19  1:51  Overlord  
  19  2:01  Queen x2  
  19  2:07  Drone x3  
  26  2:11  Drone  
  26  2:12  Drone  
  28  2:24  Drone  
  28  2:25  Drone  
  30  2:33  Overlord  
  30  2:35  Drone  
  30  2:36  Metabolic Boost  
  31  2:49  Overlord  
  31  2:54  Queen  
  31  2:55  Hatchery  
  32  2:59  Zergling x4  
  32  3:00  Zergling x2  
  35  3:14  Drone x5  
  40  3:23  Overlord  
  41  3:27  Drone x2  
  41  3:34  Queen  
  44  3:42  Zergling x2  
  44  3:43  Zergling x12  
  51  3:51  Drone x3  
  54  3:58  Overlord  
  54  4:01  Overlord  
  54  4:10  Queen  
  54  4:12  Drone x2  
  54  4:13  Lair  
  54  4:14  Overlord  
  58  4:24  Drone x3  
  59  4:30  Roach Warren  
  57  4:36  Drone  
  57  4:37  Drone x6  
  60  4:51  Drone x6  
  64  4:53  Queen  
  64  4:54  Queen  
  67  5:10  Roach x2  
  67  5:11  Roach x3  
  67  5:12  Roach  
  67  5:14  Overlord x4  
  79  5:15  Drone x3  
  82  5:32  Extractor  
  82  5:33  Extractor  
  82  5:34  Overlord  
  82  5:35  Drone x5  
  85  5:38  Extractor  
  85  5:40  Extractor  
  85  5:41  Extractor  
  82  5:45  Drone  
  82  5:46  Drone x9  
  82  5:47  Evolution Chamber  
  82  5:48  Evolution Chamber  
  82  5:49  Hydralisk Den  
  89  5:53  Hatchery  
  88  6:09  Drone  
  89  6:11  Drone  
  89  6:12  Drone x3  
  93  6:21  Grooved Spines  
  93  6:22  Zergling x2  
  93  6:23  Zergling x20  
  104  6:40  Overlord  
  104  6:41  Overlord x5  
  104  7:00  Drone x6  
  110  7:05  Zerg Missile Weapons Level 1, Zerg Ground Armor Level 1  
  110  7:09  Drone  
  110  7:10  Drone x6, Infestation Pit  
  110  7:11  Drone x4  
  110  7:13  Spore Crawler  
  110  7:14  Spore Crawler  
  110  7:15  Spore Crawler  
  117  7:19  Spore Crawler  
  115  7:30  Hatchery  
  115  7:33  Muscular Augments  
  115  7:36  Drone  
  115  7:37  Drone  
  115  7:38  Drone  
  115  7:41  Extractor x2, Drone x4, Hydralisk x5  
  115  7:42  Hydralisk x7  
  143  7:47  Hive  
  143  7:49  Lurker Den  
  142  8:04  Overlord x6  
  142  8:08  Hydralisk  
  142  8:09  Hydralisk x4  
  147  8:36  Hydralisk  
  147  8:37  Hydralisk x11  
  147  8:38  Zergling x8  
  147  8:39  Zergling x10  
  180  9:00  Zergling x8  
  180  9:01  Zergling x8  
  187  9:14  Zerg Ground Armor Level 2, Zerg Missile Weapons Level 2  
  187  9:16  Seismic Spines  
  182  9:44  Spore Crawler  
  175  9:46  Drone x5, Spine Crawler  
  175  9:47  Drone x11, Spine Crawler  
  175  9:48  Spine Crawler  
  175  9:49  Spine Crawler  
  175  9:50  Spine Crawler  
  175  9:51  Spine Crawler  
  175  9:52  Spine Crawler x2  
  183  9:54  Spine Crawler x3  
  183  9:55  Spine Crawler x4  
  183  9:56  Spine Crawler  
  183  9:58  Spine Crawler x2  
  173  10:01  Spine Crawler x3  
  173  10:02  Spine Crawler  
  173  10:03  Spine Crawler  
  173  10:05  Spine Crawler x3  
  173  10:06  Spine Crawler  
  164  10:07  Spine Crawler  
  164  10:08  Drone x8  
  164  10:10  Drone  
  172  10:14  Drone x3  
  172  10:18  Drone x2  
  172  10:19  Drone  
  178  10:21  Drone  
  178  10:22  Drone  
  179  10:30  Lurker  
  179  10:31  Lurker x6  
  179  10:32  Lurker  
  179  10:33  Lurker  
  179  10:35  Lurker x2  
  190  10:36  Lurker  
  190  10:38  Lurker  
  190  10:39  Lurker  
  190  10:40  Lurker  
  190  10:41  Lurker  
  195  10:43  Overseer x2  
  154  11:13  Adaptive Talons  
  154  11:21  Extractor x2  
  152  11:39  Lurker  
  153  11:40  Lurker x5  
  153  11:41  Lurker x2  
  153  11:43  Lurker  
  161  12:07  Zerg Missile Weapons Level 3, Zerg Ground Armor Level 3  
  161  12:12  Adrenal Glands  
  161  12:20  Hydralisk  
  161  12:21  Hydralisk x14  
  184  13:03  Hatchery  
  183  13:06  Spine Crawler, Spore Crawler  
  183  13:07  Spine Crawler x2  
  183  13:08  Spine Crawler  
  178  13:18  Drone x9  
  185  13:20  Drone x2  
  185  13:21  Hydralisk x7  
  185  13:22  Hydralisk  
  185  13:26  Spine Crawler  
  196  13:29  Spine Crawler  
  196  13:30  Spine Crawler  
  196  13:31  Spine Crawler  
  187  13:36  Drone x3  
  190  13:54  Spine Crawler  
  190  13:55  Drone x3, Spine Crawler x2  
  189  13:56  Spine Crawler  
  189  14:03  Hydralisk  
  189  14:04  Hydralisk x4  
  190  14:38  Hydralisk x4  
  190  14:39  Hydralisk x2  
  190  14:44  Zerg Melee Weapons Level 1  
  187  14:53  Hydralisk x8  
  195  15:03  Hydralisk x2  
  195  15:04  Hydralisk x2  
  198  15:34  Drone x2  
  198  15:35  Hydralisk  
  200  15:36  Hydralisk  
  200  15:43  Spine Crawler x3  
  200  15:45  Spine Crawler x2  
  200  15:46  Spine Crawler x3  
  200  15:49  Spine Crawler  
  191  15:51  Spine Crawler  
  191  15:57  Lurker x7  
  195  16:21  Drone  
  195  16:22  Drone x4  
  173  16:37  Hydralisk  
  173  16:38  Hydralisk x12  
  199  16:44  Pneumatized Carapace  
  199  16:45  Burrow  
  195  16:53  Hydralisk x12  
  189  17:01  Hatchery, Spore Crawler  
  189  17:03  Spine Crawler x5  
  189  17:04  Spine Crawler x2  
  189  17:05  Spine Crawler  
  171  17:29  Drone x6  
  181  17:30  Drone x9  
  181  17:32  Extractor x2  
  181  17:33  Drone x5  
  189  17:38  Spine Crawler  
  189  17:40  Spine Crawler  
  187  17:47  Lurker x7  
  194  18:08  Extractor, Hydralisk x3  
  196  18:17  Hydralisk  
  196  18:18  Hydralisk x7  
  200  18:25  Spine Crawler  
  200  18:26  Spine Crawler  
  198  18:30  Drone x2  
  187  18:48  Hydralisk  
  187  18:49  Hydralisk x5  
Show
View Real Time Build Order
Export as new Build Order

Brdi Protoss 

Build Orders: 1 Gate Expand, Carriers 

Get SALT Encoding   

  12  0:00  Probe  
  13  0:12  Probe  
  14  0:20  Pylon  
  14  0:25  Probe  
  15  0:38  Probe (Chrono Boost)  
  15  0:39  Gateway  
  17  0:50  Probe (Chrono Boost), Assimilator  
  17  0:56  Probe (Chrono Boost)  
  18  1:05  Probe  
  19  1:18  Probe  
  20  1:25  Nexus  
  20  1:34  Cybernetics Core  
  20  1:38  Probe  
  21  1:45  Assimilator  
  21  1:50  Probe  
  21  1:52  Pylon  
  22  2:02  Probe  
  23  2:10  Adept (Chrono Boost)  
  23  2:14  Probe, Warp Gate  
  26  2:26  Probe (Chrono Boost)  
  27  2:35  Gateway  
  28  2:38  Probe (Chrono Boost)  
  28  2:39  Stargate  
  28  2:42  Probe (Chrono Boost)  
  28  2:43  Probe (Chrono Boost)  
  30  2:52  Probe (Chrono Boost)  
  30  2:54  Adept  
  34  3:00  Probe (Chrono Boost)  
  34  3:02  Pylon  
  34  3:05  Probe (Chrono Boost)  
  34  3:09  Probe  
  36  3:13  Void Ray (Chrono Boost)  
  36  3:14  Probe  
  37  3:21  Probe  
  37  3:26  Probe  
  43  3:28  Adept  
  43  3:33  Probe  
  46  3:39  Probe  
  47  3:43  Pylon  
  47  3:46  Probe  
  48  3:51  Probe  
  49  3:57  Nexus  
  49  3:58  Probe  
  49  3:59  Pylon  
  49  4:01  Void Ray (Chrono Boost)  
  50  4:05  Probe  
  55  4:12  Assimilator  
  55  4:14  Assimilator  
  55  4:17  Probe  
  55  4:18  Probe  
  55  4:19  Pylon  
  57  4:25  Shield Battery  
  57  4:29  Probe  
  57  4:30  Probe  
  57  4:33  Stalker  
  57  4:34  Stalker  
  58  4:53  Probe  
  58  4:55  Pylon  
  58  4:59  Probe  
  60  5:05  Probe (Chrono Boost)  
  60  5:09  Void Ray  
  60  5:12  Probe (Chrono Boost)  
  62  5:17  Probe x2 (Chrono Boost)  
  67  5:23  Probe (Chrono Boost), Twilight Council  
  67  5:26  Probe (Chrono Boost), Forge  
  67  5:27  Pylon  
  67  5:28  Probe x2 (Chrono Boost)  
  70  5:35  Probe  
  71  5:37  Probe  
  71  5:39  Zealot x2  
  71  5:40  Probe  
  78  5:50  Probe x2, Charge (Chrono Boost)  
  78  5:52  Probe  
  78  5:54  Protoss Ground Weapons Level 1 (Chrono Boost), Gateway x2  
  81  5:57  Gateway  
  81  6:02  Probe x2, Gateway, Pylon  
  83  6:07  Pylon  
  83  6:11  Assimilator  
  83  6:12  Probe, Templar Archives  
  83  6:15  Assimilator  
  83  6:16  Probe x2  
  86  6:24  Probe, Zealot  
  86  6:25  Zealot  
  91  6:30  Probe x2  
  93  6:36  Probe  
  94  6:42  Probe x2  
  94  6:46  Psionic Storm  
  96  6:48  Probe  
  98  6:54  Probe x2, High Templar x4  
  98  6:55  Zealot  
  98  7:00  Probe  
  110  7:06  Probe x2  
  112  7:10  Zealot  
  112  7:12  Probe  
  111  7:18  Probe x2  
  113  7:24  Probe  
  113  7:26  Nexus  
  113  7:28  Pylon  
  114  7:32  Gateway, Pylon  
  114  7:33  Gateway  
  114  7:36  Gateway  
  114  7:39  Gateway  
  114  7:40  Photon Cannon  
  114  7:45  Assimilator  
  114  7:46  Zealot x3  
  114  7:47  Zealot x2, Assimilator  
  114  7:48  Protoss Ground Weapons Level 2 (Chrono Boost)  
  124  7:55  Oracle  
  124  7:56  Probe x2  
  129  8:04  Probe  
  130  8:05  Pylon  
  130  8:06  Pylon x2  
  130  8:09  Pylon  
  130  8:10  High Templar  
  132  8:13  Probe  
  132  8:19  Probe  
  132  8:20  Photon Cannon  
  132  8:21  Gateway, High Templar x3  
  132  8:22  Photon Cannon, Gateway  
  132  8:24  High Templar x2  
  136  8:28  Archon  
  136  8:29  Archon x2  
  136  8:37  Probe x3  
  139  8:48  Robotics Facility  
  139  8:49  Probe  
  139  8:50  Gateway  
  139  8:53  Gateway  
  139  8:55  Pylon x2  
  140  8:56  High Templar x4  
  140  8:57  Zealot x6  
  140  8:58  Pylon  
  140  9:00  Archon x2  
  160  9:07  Probe x4  
  164  9:22  Gateway x2  
  164  9:27  Nexus  
  164  9:29  Pylon  
  164  9:32  Pylon x2  
  164  9:43  Zealot x3  
  164  9:44  Zealot x9  
  188  9:45  Observer (Chrono Boost)  
  188  9:59  Warp Prism (Chrono Boost)  
  190  10:08  Zealot x5  
  190  10:14  Protoss Ground Weapons Level 3 (Chrono Boost)  
  200  10:22  Photon Cannon  
  200  10:25  Fleet Beacon  
  200  10:26  Photon Cannon  
  200  10:27  Photon Cannon, Stargate  
  200  10:30  Stargate  
  114  11:13  High Templar x8  
  114  11:14  High Templar x7  
  114  11:18  Assimilator  
  144  11:19  Archon  
  144  11:20  Archon x4  
  144  11:21  Archon x2  
  144  11:27  Observer  
  145  11:36  Carrier (Chrono Boost)  
  145  11:37  Carrier (Chrono Boost)  
  157  11:49  Carrier (Chrono Boost)  
  163  12:01  Zealot x8  
  167  12:02  Zealot x7  
  167  12:05  Nexus  
  167  12:06  Protoss Air Weapons Level 1  
  167  12:07  Pylon  
  179  12:23  Immortal  
  181  12:30  Stargate  
  181  12:32  Stargate  
  181  12:35  Stargate  
  181  12:38  Photon Cannon  
  181  12:39  Carrier  
  181  12:40  Photon Cannon  
  181  12:42  Photon Cannon  
  193  12:44  Photon Cannon, Carrier  
  193  12:47  Shield Battery  
  193  12:49  Shield Battery, Assimilator  
  185  13:02  Zealot x6  
  185  13:03  Zealot  
  199  13:14  Assimilator x2  
  199  13:22  Carrier (Chrono Boost)  
  193  13:27  Carrier (Chrono Boost)  
  193  13:31  Protoss Shields Level 1 (Chrono Boost)  
  195  13:50  Dark Shrine  
  195  13:52  Cybernetics Core  
  178  13:56  Photon Cannon  
  178  13:59  Carrier x3 (Chrono Boost)  
  178  14:00  Photon Cannon  
  178  14:01  Photon Cannon  
  196  14:14  Protoss Air Weapons Level 2 (Chrono Boost)  
  194  14:17  Observer  
  166  14:56  Zealot x16  
  168  15:17  Oracle, Carrier (Chrono Boost)  
  168  15:19  Dark Templar x5  
  168  15:21  Observer, Zealot x5  
  176  15:22  Zealot x6  
  186  15:40  Photon Cannon  
  186  15:42  Carrier x2 (Chrono Boost)  
  184  15:44  Protoss Shields Level 2 (Chrono Boost)  
  196  15:51  Zealot x2  
  196  15:55  Protoss Air Armor Level 1 (Chrono Boost)  
  198  16:17  Dark Templar x2  
  198  16:18  Dark Templar x2  
  192  16:19  Dark Templar x4  
  192  16:20  Dark Templar  
  174  16:40  Warp Prism  
  163  16:56  Carrier  
  163  16:57  Carrier x3  
  163  16:59  Zealot x6  
  174  17:17  Dark Templar x4  
  174  17:18  High Templar x2  
  174  17:19  High Templar  
  175  17:34  Dark Templar x2  
  175  17:35  Zealot x2  
  175  17:36  Zealot  
  171  17:38  Archon  
  167  18:08  High Templar  
  167  18:09  High Templar x3  
  173  18:15  Nexus  
  153  18:30  Dark Templar x3  
  155  18:36  Observer (Chrono Boost)  
  156  18:42  High Templar  
  151  18:58  Warp Prism (Chrono Boost)  
  152  19:05  Zealot x9  
  152  19:06  Zealot  
Tags
 
Add a new tag
Caveats
  • Supply blocks, unpowered buildings, or Contaminate may cause inaccurate times.
  • Supply counts are checked every 10 seconds.